 Dungeon Crawl Stone Soup version 0.30-a0-782-ge64f9170bb (webtiles) character file.

Game seed: 14819160950499969311

102161 Dirtsage the Fencer (level 16, -1/90 HPs)
             Began as a Vine Stalker Fighter on Mar 1, 2023.
             Was a High Priest of Wu Jian.
             Killed from afar by a deep elf zephyrmancer (8 damage)
             ... with a bolt of lightning
             ... on level 1 of the Elven Halls.
             The game lasted 01:02:35 (18121 turns).

Dirtsage the Fencer (Vine Stalker Fighter)         Turns: 18121, Time: 01:02:36

Health: -1/90      AC: 31    Str: 23    XL:     16   Next: 32%
Magic:  0/17       EV:  7    Int:  8    God:    Wu Jian [*****.]
Gold:   370        SH: 15    Dex: 22    Spells: 15/15 levels left

rFire   + + .      SeeInvis .    b - +2 demon blade (protect)
rCold   + . .      Faith    .    N - +1 kite shield {AC+3}
rNeg    . . .      Spirit   +    Z - +0 gold dragon scales
rPois   +          Reflect  .    S - +2 hat
rElec   .          Harm     .    X - +0 cloak
rCorr   .          Rampage  .    f - +0 pair of gloves
Will    +++..                    (no boots) Stlth
                                 c - amulet "Suguud" {Acrobat Will+ Regen+ Str-2}
HPRegen 1.95/turn                F - ring of protection from fire
MPRegen 0.15/turn                k - +6 ring of strength

@: about to teleport, under a protective aura
A: fangs 3, regeneration 1, magic shield, antimagic bite, no potion heal 2
a: Renounce Religion, Wall Jump, Serpent's Lash, Heavenly Storm


You were on level 1 of the Elven Halls.
You worshipped Wu Jian.
Wu Jian was extremely pleased with you.
You visited 5 branches of the dungeon, and saw 22 of its levels.
You also visited: Sewer.

You collected 2285 gold pieces.
You spent 1915 gold pieces at shops.

Inventory:

Hand Weapons
 a - a +2 short sword of electrocution
 b - a +2 demon blade of protection (weapon)
Missiles
 D - 14 javelins (quivered)
 R - 4 curare-tipped darts
Armour
 f - a +0 pair of gloves (worn)
 h - the +1 chain mail "Lyisasamm" {rC+ Int+3}
   (You bought it in a shop on level 2 of the Orcish Mines)

   Int:       It affects your intelligence (+3).
   rC:        It protects you from cold.
 G - a +0 troll leather armour {Pargi}
 N - a +1 kite shield of protection (worn)
 S - a +2 hat (worn)
 X - a +0 cloak (worn)
 Z - +0 gold dragon scales (worn)
Jewellery
 c - the amulet "Suguud" (around neck) {Acrobat Will+ Regen+ Str-2}
   (You bought it in a shop on level 2 of the Orcish Mines)

   [amulet of the acrobat]

   It increases your evasion while moving and waiting.
   Str:       It affects your strength (-2).
   Regen:     It increases your rate of health regeneration.
   Will:      It increases your willpower.
 e - an amulet of regeneration
 j - a +4 ring of protection
 k - a +6 ring of strength (right hand)
 o - an amulet of reflection
 F - a ring of protection from fire (left hand)
 I - a ring of protection from cold
 V - a ring of flight
Wands
 v - a wand of mindburst (24)
 C - a wand of charming (17)
 J - a wand of iceblast (6)
 K - a wand of polymorph (5)
 Q - a wand of flame (9)
Scrolls
 g - 3 scrolls of fear
 m - 2 scrolls of amnesia
 r - 4 scrolls of enchant armour
 t - 9 scrolls of teleportation
 w - 4 scrolls of vulnerability
 x - 5 scrolls of poison
 y - 3 scrolls of immolation
 B - 4 scrolls of blinking
 L - 2 scrolls of magic mapping
 U - a scroll of fog
Potions
 d - 3 potions of might
 l - a potion of heal wounds
 n - 5 potions of resistance
 p - a potion of berserk rage
 q - 12 potions of curing
 s - 5 potions of invisibility
 u - 4 potions of brilliance
 z - 4 potions of flight
 H - 6 potions of attraction
 M - a potion of cancellation
 O - 5 potions of mutation
 P - 7 potions of lignification
 T - a potion of magic
Miscellaneous
 W - a condenser vane
 Y - a lightning rod (4/4)


   Skills:
 + Level 12.8 Fighting
 + Level 15.2 Long Blades
 - Level 2.0 Throwing
 + Level 8.4 Armour
 + Level 7.9 Dodging
 + Level 12.8 Shields
 - Level 5.0 Evocations


You had 15 spell levels left.
You didn't know any spells.
Your spell library contained the following spells:

 Spells                   Type           Power      Damage    Failure   Level
 Necrotise                Necr           0%         1d4       100%        1
 Sting                    Tmut/Pois      0%         1d3       100%        1
 Blink                    Tloc           0%         N/A       100%        2
 Call Imp                 Summ           0%         N/A       100%        2
 Ensorcelled Hibernation  Hex/Ice        0%         N/A       100%        2
 Lesser Beckoning         Tloc           0%         N/A       100%        2
 Momentum Strike          Conj/Tloc      0%         3d8       100%        2
 Passwall                 Tmut/Erth      0%         N/A       100%        2
 Poisonous Vapours        Pois/Air       0%         N/A       100%        2
 Call Canine Familiar     Summ           0%         N/A       100%        3
 Frozen Ramparts          Ice            0%         1d1       100%        3
 Inner Flame              Hex/Fire       0%         N/A       100%        3
 Portal Projectile        Hex/Tloc       0%         N/A       100%        3
 Swiftness                Air            0%         N/A       100%        3
 Tukima's Dance           Hex            0%         N/A       100%        3
 Vampiric Draining        Necr           0%         2d6       100%        3
 Anguish                  Hex/Necr       0%         N/A       100%        4
 Animate Dead             Necr           0%         N/A       100%        4
 Cause Fear               Hex            0%         N/A       100%        4
 Flame Wave               Conj/Fire      0%         2d4       100%        4
 Ice Form                 Ice/Tmut       0%         N/A       100%        4
 Leda's Liquefaction      Hex/Erth       0%         N/A       100%        4
 Olgreb's Toxic Radiance  Pois           0%         N/A       100%        4
 Sticky Flame             Conj/Fire      0%         2d3       100%        4
 Summon Ice Beast         Ice/Summ       0%         N/A       100%        4
 Agony                    Necr           0%         N/A       100%        5
 Blade Hands              Tmut           0%         N/A       100%        5
 Enfeeble                 Hex            0%         N/A       100%        7
 Haunt                    Necr/Summ      0%         N/A       100%        7
 Monstrous Menagerie      Summ           0%         N/A       100%        7
 Summon Hydra             Summ           0%         N/A       100%        7
 Discord                  Hex            0%         N/A       100%        8
 Infestation              Necr           0%         N/A       100%        8


Dungeon Overview and Level Annotations

Branches:
Dungeon (13/15)            Temple (1/1) D:7            Lair (5/5) D:8
  Swamp (0/4) Lair:3        Snake (0/4) Lair:2        Slime (0/5) Lair:4
    Orc (2/2) D:12            Elf (1/3) Orc:2         Sewer (visited)
 Vaults: D:13-14

Altars:
Ashenzari
Cheibriados
Dithmenos
Elyvilon
Fedhas
Gozag
Hepliaklqana
Kikubaaqudgha
Makhleb
Nemelex Xobeh
Okawaru
Qazlal
Ru
Sif Muna
Trog
Uskayaw
Vehumet
Wu Jian
Xom
Yredelemnul
Zin
The Shining One

Shops:
D:4 (   D:7 :   D:8 **   D:11 =   Orc:2 [*=(   Elf:1 :?

Annotations:
D:4 2 runed translucent doors, MCDelver's ghost, amateur FoHu
Lair:4 1 runed translucent door


Innate Abilities, Weirdness & Mutations

You have razor-sharp teeth.
Your natural rate of healing is unusually fast.
When hurt, damage is shared between your health and your magic reserves.
Your bite disrupts and absorbs the magic of your enemies.
Potions cannot restore your health.


Message History

The deep elf archer casts a spell.
The deep elf archer blinks!
You see here a +0 scimitar.
The deep elf pyromancer gestures wildly while chanting.
There is an open door here.
You regained 2 hp, and now have 26/90 hp.
The deep elf zephyrmancer points at you and mumbles some strange words.
The bolt of lightning hits the fire elemental.
The fire elemental resists.
The bolt of lightning misses you. The bolt of lightning hits you.
* * * LOW HITPOINT WARNING * * *
The deep elf pyromancer mumbles some strange words.
You see here a +0 scimitar.
You take 3 damage, and have 23/90 hp.
You now have 3/17 mp.
The deep elf zephyrmancer casts a spell at you.
The bolt of lightning hits the fire elemental!
The fire elemental resists.
The bolt of lightning misses the fire elemental.
The bolt of lightning misses you. The bolt of lightning hits you!
* * * LOW HITPOINT WARNING * * *
You take 11 damage, and have 12/90 hp.
You now have 1/17 mp.
You slice the fire elemental!! You bite the fire elemental.
You destroy the fire elemental!
The fire elemental disappears in a puff of smoke!
You regained 2 hp, and now have 14/90 hp.
You hit the fire elemental. You bite the fire elemental. You drain its power.
The fire elemental is moderately damaged.
The fire elemental hits you. The fire elemental burns you! You resist.
* * * LOW HITPOINT WARNING * * *
You take 2 damage, and have 12/90 hp.
You now have 0/17 mp.
As you read the scroll of teleportation, it crumbles to dust.
You feel strangely unstable.
The deep elf zephyrmancer gestures at you while chanting.
The bolt of lightning hits the fire elemental.
The fire elemental resists.
The bolt of lightning hits the fire elemental!
The fire elemental resists.
The bolt of lightning hits you!
* * * LOW HITPOINT WARNING * * *
The bolt of lightning hits you!
You die...

#.# ##.##
#.#
##.#####
#.#
##.##.##
#.#
##'...##
#.#
##.....##
#.#
#.......#
#.#
##.....## #
##'#...##
###'#
##@###.##
#.....##E##
###
......eE##
....°°○e#
.........
.........#
.........#
.........#
.........#


You could see a deep elf pyromancer, a deep elf zephyrmancer and 2 fire
elementals.

Vanquished Creatures
  Rupert (Lair:4)
  Gastronok (Lair:2)
  An orc warlord (Orc:2)
  2 deep elf demonologists (Elf:1)
  Snorg (Lair:3)
  A fire dragon (Lair:5)
  11 hydras
  Harold (Lair:1)
  A death knight (D:13)
  2 centaur warriors (D:13)
  A catoblepas (Lair:5)
  An ogre mage (D:12)
  6 two-headed ogres
  2 boulder beetles
  A tengu warrior (D:13)
  20 death yaks
  5 orc high priests
  2 deep elf knights (Elf:1)
  Sonja (Lair:3)
  Nergalle (D:12)
  A skyshark (Lair:4)
  A lindwurm (Lair:5)
  9 deep elf zephyrmancers (Elf:1)
  A phantasmal warrior (D:13)
  5 orc knights
  8 deep elf pyromancers (Elf:1)
  6 orc sorcerers
  2 ugly things
  3 cyclopes
  10 black mambas
  5 elephants
  2 molten gargoyles (Lair:5)
  A torpor snail (Lair:1)
  6 cane toads
  2 tengu conjurers (D:13)
  An unseen horror (D:10)
  2 freezing wraiths (D:13)
  A rime drake (Lair:3)
  17 komodo dragons
  A hornet (D:10)
  7 trolls
  2 polar bears
  40 blink frogs
  A tyrant leech (Lair:3)
  3 slime creatures
  A shadow (D:9)
  A fire elemental (Elf:1)
  14 wyverns
  An air elemental (Elf:1)
  2 wraiths
  A water elemental (Elf:1)
  3 basilisks
  46 yaks
  Grum (D:9)
  5 steam dragons
  21 vampire mosquitoes
  3 wargs
  5 nagas (Lair:2)
  4 acid dragons
  18 water moccasins
  4 hell hounds (Lair:5)
  2 sky beasts
  Pargi (Sewer)
  22 orc warriors
  5 black bears
  2 ice beasts
  10 ogres
  8 centaurs
  11 wolves
  4 phantoms
  2 scorpions
  3 necrophages
  20 bullfrogs
  A gnoll sergeant (D:5)
  2 earth elementals (Elf:1)
  3 wights (D:8)
  9 killer bees
  5 howler monkeys
  3 electric eels (Lair:4)
  A jelly (D:5)
  6 lava snakes
  A gnoll bouda (D:8)
  2 hounds
  3 orc priests
  Ijyb (D:5)
  6 iguanas
  15 orc wizards
  6 hell rats (Lair:5)
  8 adders
  8 gnolls
  2 river rats (D:6)
  4 white imps
  An ufetubus (D:6)
  5 worms
  37 orcs
  8 endoplasms
  3 giant cockroaches
  11 hobgoblins
  3 jackals (D:3)
  15 kobolds
  4 quokkas
  12 ball pythons
  8 bats
  5 frilled lizards
  4 goblins
  7 rats
628 creatures vanquished.

Vanquished Creatures (others)
  A deep elf pyromancer (Elf:1)
  A bush (Lair:5)
  23 fungi
  11 plants
36 creatures vanquished.

Grand Total: 664 creatures vanquished

Notes
Turn   | Place    | Note
-------+----------+-------------------------------------------
     0 | D:1      | Dirtsage the Vine Stalker Fighter began the quest for the
                  | Orb.
     0 | D:1      | Reached XP level 1. HP: 11/11 MP: 2/2
    61 | D:1      | Reached skill level 2 in Long Blades
   125 | D:1      | Reached XP level 2. HP: 16/16 MP: 3/3
   315 | D:1      | Found a faded altar of an unknown god.
   428 | D:1      | Reached skill level 3 in Long Blades
   660 | D:1      | Reached XP level 3. HP: 19/19 MP: 4/4
  1538 | D:3      | Gained mutation: Your natural rate of healing is unusually
                  | fast. [Vine Stalker growth]
  1538 | D:3      | Reached XP level 4. HP: 23/23 MP: 5/5
  1645 | D:3      | Reached skill level 4 in Long Blades
  1822 | D:3      | Noticed an ogre
  1826 | D:3      | Killed an ogre
  1827 | D:3      | Reached skill level 5 in Long Blades
  1827 | D:3      | Reached XP level 5. HP: 9/27 MP: 2/6
  2359 | D:3      | Reached XP level 6. HP: 32/32 MP: 7/7
  2832 | D:4      | Found a blossoming altar of Fedhas.
  2932 | D:4      | Reached skill level 6 in Long Blades
  3000 | D:4      | Reached skill level 1 in Throwing
  3061 | D:4      | Reached XP level 7. HP: 36/36 MP: 8/8
  3156 | D:4      | Found a large runed translucent door.
  3156 | D:4      | Found a large runed translucent door.
  3157 | D:4      | Noticed MCDelver's ghost (amateur FoHu)
  3210 | D:4      | Found Laghouth's Weapon Emporium.
  3337 | D:5      | Entered Level 5 of the Dungeon
  3485 | D:5      | Gained mutation: You have razor-sharp teeth. [Vine Stalker
                  | growth]
  3485 | D:5      | Reached XP level 8. HP: 39/42 MP: 7/9
  3669 | D:5      | Found a basalt altar of Yredelemnul.
  3702 | D:5      | Reached skill level 7 in Long Blades
  3718 | D:5      | Reached skill level 1 in Evocations
  3893 | D:5      | Noticed Ijyb
  3901 | D:5      | Killed Ijyb
  4041 | D:6      | Found a radiant altar of Vehumet.
  4208 | D:6      | Found a glowing golden altar of the Shining One.
  4225 | D:6      | Became a worshipper of the Shining One
  4293 | D:6      | Reached skill level 8 in Long Blades
  4293 | D:6      | Reached XP level 9. HP: 46/46 MP: 7/10
  4491 | D:6      | Found a glowing drain.
  4498 | Sewer    | Entered a sewer
  4610 | Sewer    | Noticed Pargi
  4619 | Sewer    | Killed Pargi
  4620 | Sewer    | Reached skill level 5 in Fighting
  4620 | Sewer    | Reached skill level 5 in Shields
  4954 | D:7      | Reached * piety under the Shining One
  4979 | D:7      | Reached skill level 9 in Long Blades
  5119 | D:7      | Found Sustem's Book Emporium.
  5179 | D:7      | Reached XP level 10. HP: 51/53 MP: 9/11
  5377 | D:7      | Found a staircase to the Ecumenical Temple.
  5861 | D:8      | Found Boigusk's Lightly-Used Armoury.
  5967 | D:8      | Found an opulent altar of Gozag.
  5971 | D:8      | Found Gozag's Platinum Reserve.
  6064 | D:8      | Reached skill level 10 in Long Blades
  6263 | D:8      | Found a staircase to the Lair.
  6330 | Temple   | Entered the Ecumenical Temple
  6413 | Temple   | Fell from the grace of the Shining One
  6413 | Temple   | Became a worshipper of the Wu Jian Council
  6517 | D:9      | Noticed a two-headed ogre
  6532 | D:9      | Killed a two-headed ogre
  6533 | D:9      | Reached skill level 5 in Evocations
  6725 | D:9      | Noticed Grum
  6728 | D:9      | Killed Grum
  6748 | D:9      | Found an ancient bone altar of Kikubaaqudgha.
  6926 | D:9      | Found a stormy altar of Qazlal.
  6938 | D:9      | Found a sparkling altar of Nemelex Xobeh.
  7160 | D:10     | Entered Level 10 of the Dungeon
  7160 | D:10     | Noticed a white ugly thing
  7234 | Lair:1   | Entered Level 1 of the Lair of Beasts
  7297 | Lair:1   | Reached XP level 11. HP: 50/58 MP: 9/12
  7313 | Lair:1   | Reached skill level 11 in Long Blades
  7442 | Lair:1   | Reached * piety under Wu Jian
  7555 | Lair:1   | Found a snail-covered altar of Cheibriados.
  7577 | Lair:1   | Noticed Harold
  7595 | Lair:1   | Killed Harold
  7904 | Lair:1   | Found a snail-covered altar of Cheibriados.
  8407 | D:8      | Bought a -1 demon blade for 120 gold pieces
  8638 | Lair:2   | Reached skill level 12 in Long Blades
  8641 | Lair:2   | Noticed a death yak
  8660 | Lair:1   | Killed a death yak
  8681 | Lair:2   | Noticed Gastronok
  8714 | Lair:2   | Killed Gastronok
  8792 | Lair:2   | Reached XP level 12. HP: 65/65 MP: 13/13
  8905 | Lair:2   | Identified the +6 leather armour "Kuiliw" {rPois}
  8944 | Lair:2   | Reached ** piety under Wu Jian
  8984 | Lair:2   | Reached skill level 13 in Long Blades
  9161 | Lair:2   | Noticed a death yak
  9180 | Lair:2   | Killed a death yak
  9298 | Lair:2   | Noticed a death yak
  9300 | Lair:2   | Noticed a death yak
  9324 | Lair:2   | Killed a death yak
  9337 | Lair:2   | Killed a death yak
  9392 | Lair:2   | You fall into a shaft and drop 1 floor!
  9403 | Lair:3   | Noticed a four-headed hydra
  9410 | Lair:3   | Killed a four-headed hydra
  9437 | Lair:3   | Noticed an eight-headed hydra
  9488 | Lair:3   | Reached skill level 14 in Long Blades
  9488 | Lair:3   | Reached XP level 13. HP: 70/70 MP: 14/14
  9633 | Lair:3   | Noticed Snorg
  9647 | Lair:3   | Killed Snorg
  9760 | Lair:3   | Reached skill level 1 in Dodging
 10059 | Lair:3   | Reached *** piety under Wu Jian
 10120 | Lair:3   | Noticed Sonja
 10128 | Lair:3   | Killed Sonja
 10377 | Lair:3   | Found a staircase to the Swamp.
 10761 | Lair:2   | Reached skill level 10 in Shields
 10762 | Lair:2   | Found a staircase to the Snake Pit.
 10890 | Lair:4   | Reached skill level 10 in Fighting
 10936 | Lair:4   | Found a runed translucent door.
 10937 | Lair:4   | Found a staircase to the Slime Pits.
 11444 | Lair:4   | Reached **** piety under Wu Jian
 11475 | Lair:4   | Reached skill level 5 in Armour
 11484 | Lair:4   | Reached XP level 14. HP: 26/77 MP: 6/15
 12072 | Lair:5   | Entered Level 5 of the Lair of Beasts
 12280 | Lair:5   | Noticed Rupert
 12314 | Lair:4   | Killed Rupert
 12315 | Lair:4   | Reached skill level 5 in Dodging
 12525 | Lair:5   | Reached ***** piety under Wu Jian
 12578 | Lair:5   | Found a large runed translucent door.
 12579 | Lair:5   | Found a large runed translucent door.
 13118 | Lair:5   | Reached XP level 15. HP: 66/84 MP: 12/16
 14493 | D:11     | Found Wach's Jewellery Boutique.
 15139 | D:12     | Noticed Nergalle
 15156 | D:12     | Killed Nergalle
 15242 | D:12     | Found a staircase to the Orcish Mines.
 15891 | D:13     | Reached ****** piety under Wu Jian
 16328 | Orc:1    | Entered Level 1 of the Orcish Mines
 16397 | Orc:2    | Entered Level 2 of the Orcish Mines
 16397 | Orc:2    | Found a staircase to the Elven Halls.
 16419 | Orc:2    | Found Sazobbo's Antique Armour Shoppe.
 16607 | Orc:2    | Found Coudghyix's Antique Weapon Boutique.
 16665 | Orc:2    | Noticed an orc warlord
 16671 | Orc:2    | Found Iwenuc's Jewellery Boutique.
 16680 | Orc:2    | Killed an orc warlord
 16681 | Orc:2    | Reached skill level 15 in Long Blades
 16723 | Orc:2    | Reached XP level 16. HP: 90/90 MP: 17/17
 16785 | Orc:2    | Bought the amulet "Suguud" {Acrobat Will+ Regen+ Str-2} for
                  | 499 gold pieces
 16952 | Orc:2    | Found Vahiluv's General Store.
 16960 | Orc:2    | Bought a scroll of identify for 20 gold pieces
 16960 | Orc:2    | Bought a potion of flight for 30 gold pieces
 16960 | Orc:2    | Bought a scroll of identify for 20 gold pieces
 17051 | Orc:2    | Bought a slimy chain mail for 332 gold pieces
 17051 | Orc:2    | Identified the +1 chain mail "Lyisasamm" {rC+ Int+3} (You
                  | bought it in a shop on level 2 of the Orcish Mines)
 17310 | D:11     | Bought a +6 ring of strength for 576 gold pieces
 17592 | Elf:1    | Entered Level 1 of the Elven Halls
 17669 | Elf:1    | Got the Anthology of Apparitions
 17748 | Elf:1    | Paralysed by an air elemental for 1 turns
 17772 | Elf:1    | Found Ryarrumu's Book Boutique.
 17818 | Elf:1    | Found Baxick's Magic Scroll Shop.
 17841 | Elf:1    | Bought a scroll of enchant armour for 90 gold pieces
 17841 | Elf:1    | Bought a scroll of identify for 24 gold pieces
 17841 | Elf:1    | Bought a scroll of enchant armour for 90 gold pieces
 17841 | Elf:1    | Bought a scroll of blinking for 90 gold pieces
 17841 | Elf:1    | Bought a scroll of identify for 24 gold pieces
 18121 | Elf:1    | Killed from afar by a deep elf zephyrmancer

Illustrated notes

Levels and vault maps discovered:
D:1:      lightli_arrival_boilingwater, layout_rooms,
          dilly_ecumenical_altar_fadedgnrine, nicolae_hexahallways
D:2:      layout_basic, hex_large, minivault_5
D:3:      layout_loops_corners, grunt_ministairs_1, minmay_puff
D:4:      layout_basic, mainiacjoe_overflow_six_doors_small,
          ebering_ghost_disaster_area, serial_shops, nicolae_lakefront_shop,
          grunt_ministairs_11
D:5:      layout_basic, general_overflow_altar, uniq_ijyb
D:6:      layout_rooms, nicolae_overflow_hidden_temple,
          nicolae_overflow_crystal_walls, lightli_sewer_entry_pipes,
          minmay_misc_feat_four_crosses, chequers_garden
D:7:      layout_rooms, temple_doors_cd, serial_shops,
          nicolae_shop_behind_doors, hangedman_abyss_or_decor_stabs,
          minmay_door_square
D:8:      layout_loops_ring, nicolae_gozag_zags_fifth_avenue,
          grunt_lair_entry_orc_guard_hut, minmay_shop_damaged
D:9:      layout_irregular_city, mainiacjoe_overflow_large_starburst,
          kiku_gazebo_garden_becter, uniq_grum
D:10:     layout_irregular_city
D:11:     layout_irregular_city, serial_shops, nicolae_shop_statue_plus
D:12:     layout_cave_pools, uniq_nergalle
D:13:     layout_roguey, minmay_variable_closet
Temple:   jpeg_temple_clearing
Lair:1:   layout_regular_city, basic_altar, kennysheep_snail_temple, uniq_harold
Lair:2:   layout_regular_city, minmay_snake_entry_guardpost_medium,
          chequers_serial_rivers_room_b, beast_lair_carwin_10, uniq_gastronok
Lair:3:   layout_cave_pods, palyth_hydra_swamp_entry, uniq_snorg, uniq_sonja
Lair:4:   wad_woods_structure_01, layout_long_grid, slime_entry_2,
          nicolae_lair_liquid_snakes
Lair:5:   cheibrodos_lair_end_hotspot, layout_gridlike, uniq_rupert
Orc:1:    layout_diamond_mine
Orc:2:    grunt_orc_gardens, layout_caves, grunt_orc_garden, grunt_orc_garden,
          grunt_orc_garden, grunt_orc_garden, guppyfry_library_mini
Elf:1:    layout_geoelf_diagonals, serial_shops, shop, shop,
          minmay_elf_demonology

Skill      XL: |  1  2  3  4  5  6  7  8  9 10 11 12 13 14 15 |
---------------+----------------------------------------------+-----
Long Blades    | 2 3 5 6 8 9 10 12 14 15 | 15.2
Fighting       | 3 4 5 6 8 9 10 11 12 | 12.8
Throwing       | 1 2 |  2.0
Shields        | 3 4 5 6 8 9 10 11 12 | 12.8
Evocations     | 2 4 5 |  5.0
Dodging        | 4 6 7 |  7.9
Armour         | 5 6 8 |  8.4

Action                     |  1- 3 |  4- 6 |  7- 9 | 10-12 | 13-15 | 16-18 || total
---------------------------+-------+-------+-------+-------+-------+-------++-------
  Melee: Long sword        |   106 |   129 |   379 |    22 |       |       ||   636
         Bite              |    21 |    35 |   133 |   243 |   591 |    69 ||  1092
         Falchion          |       |       |       |   335 |       |       ||   335
         Demon blade       |       |       |       |   282 |  1406 |   192 ||  1880
         Short sword       |       |       |       |     5 |    94 |       ||    99
  Throw: Dart              |       |       |       |     3 |     3 |       ||     6
         Throwing net      |       |       |       |       |     1 |       ||     1
 Invoke: Divine Shield     |       |       |     1 |       |       |       ||     1
         Serpent's Lash    |       |       |       |       |     2 |       ||     2
         Heavenly Storm    |       |       |       |       |     2 |       ||     2
Ability: Lunge             |       |       |       |    28 |    77 |    14 ||   119
         Whirlwind         |       |       |       |    72 |   395 |    39 ||   506
  Evoke: Wand              |       |       |       |     2 |     1 |       ||     3
    Use: Scroll            |       |       |     6 |     9 |     4 |    10 ||    29
         Potion            |       |       |       |     2 |       |       ||     2
   Stab: Sleeping          |       |       |       |     1 |     3 |       ||     4
         Held in net/web   |       |       |       |       |     1 |       ||     1
         Distracted        |       |       |       |       |     2 |       ||     2
 Armour: Scale mail        |    50 |    54 |    35 |       |       |       ||   139
         Ring mail         |       |       |    74 |    52 |    22 |       ||   148
         Troll leather arm |       |       |    19 |    45 |   287 |       ||   351
         Gold dragon scale |       |       |       |       |   113 |    47 ||   160
  Dodge: Dodged            |    50 |    44 |   141 |   175 |   350 |    32 ||   792
  Block: Buckler           |    22 |    25 |   114 |   118 |    11 |       ||   290
         Kite shield       |       |       |       |       |   730 |    68 ||   798

Table legend: (Time is in decaauts)
 A = Elapsed time spent in this place.
 B = Non-inter-level travel time spent in this place.
 C = Inter-level travel time spent in this place.
 D = Time resting spent in this place.
 E = Time spent auto-exploring this place.
 F = Levels seen in this place.
 G = Mean time per level.
                   A        B        C        D        E       F      G
               +--------+--------+--------+--------+--------+-----+--------+
         Total |  17852 |  16623 |   1229 |    202 |  12209 |  23 |  776.2 |
       Dungeon |   9844 |   9162 |    682 |     33 |   7132 |  13 |  757.2 |
        Temple |    103 |     84 |     19 |      0 |     62 |   1 |  103.0 |
          Lair |   6093 |   5675 |    418 |    151 |   3887 |   5 | 1218.6 |
  Orcish Mines |   1157 |   1049 |    108 |     18 |    690 |   2 |  578.5 |
   Elven Halls |    499 |    499 |      0 |      0 |    342 |   1 |  499.0 |
         Sewer |    154 |    154 |      0 |      0 |     95 |   1 |  154.0 |
               +--------+--------+--------+--------+--------+-----+--------+

Top non-repeatable levels by time:
  Lair:5: 1322 daAuts
  Lair:1: 1318 daAuts
  Lair:4: 1277 daAuts
     D:3: 1172 daAuts
  Lair:3: 1115 daAuts
  Lair:2: 1059 daAuts
     D:8: 926 daAuts
   Orc:2: 849 daAuts
     D:1: 797 daAuts
    D:11: 795 daAuts
     D:6: 765 daAuts
     D:2: 750 daAuts
     D:9: 741 daAuts
     D:7: 719 daAuts
    D:13: 694 daAuts
